 Dungeon Crawl Stone Soup version 0.19.1-1-g22dce08 (webtiles) character file.

22 Dolanko the Sneak (level 2, -4/13 HPs)
             Began as a Spriggan Enchanter on Jan 16, 2017.
             Slain by a gnoll
             ... wielding a +0 club
              (8 damage)
             ... on level 1 of the Dungeon.
             The game lasted 00:02:36 (1360 turns).

Dolanko the Sneak (Spriggan Enchanter)              Turns: 1360, Time: 00:02:36

Health: -4/13      AC:  3    Str:  4    XL:     2   Next: 68%
Magic:  5/7        EV: 18    Int: 16    God:
Gold:   7          SH:  0    Dex: 16    Spells: 2 memorised, 4 levels left

rFire  . . .     SeeInvis +     a - +1 dagger
rCold  . . .     Gourm    .     b - +1 robe
rNeg   . . .     Faith    .     (shield restricted)
rPois  .         Spirit   .     (helmet restricted)
rElec  .         Reflect  .     (no cloak)
rCorr  .         Harm     .     (gloves unavailable)
MR     .....                    (boots unavailable)
Stlth  +++.......               (no amulet)
                                (no ring)
                                (no ring)

@: very quick
A: unfitting armour, see invisible, herbivore 3, speed 3, slow metabolism 2
a: no special abilities


You were on level 1 of the Dungeon.
You were not hungry.

You visited 1 branch of the dungeon, and saw 1 of its levels.

You collected 7 gold pieces.

Inventory:

Hand Weapons
 a - a +1 dagger (weapon)
Armour
 b - a +1 robe (worn)
Scrolls
 f - 2 scrolls of identify {unknown}
 i - a scroll of recharging {unknown}
Potions
 e - a potion of resistance {unknown}
 g - a potion of cancellation {unknown}
 h - a potion of flight {unknown}
Books
 c - a book of Maledictions

   Spells                             Type                      Level
   a - Corona                         Hexes                        1
   b - Ensorcelled Hibernation        Hexes/Ice                    2
   c - Confuse                        Hexes                        3
   d - Tukima's Dance                 Hexes                        3
   e - Dazzling Spray                 Conjuration/Hexes            3
Comestibles
 d - a bread ration


   Skills:
 - Level 1.1 Short Blades
 - Level 3.0 Dodging
 - Level 4.4 Stealth
 + Level 3.4 Spellcasting
 + Level 4.1 Hexes
 * Level 0.5 Ice Magic


You had 4 spell levels left.
You knew the following spells:

 Your Spells              Type           Power        Failure   Level  Hunger
a - Corona                Hex            ###....      3%          1    None
b - Ensorcelled Hibernat  Hex/Ice        ##....       12%         2    ##.....


Dungeon Overview and Level Annotations

Branches:
Dungeon (1/15)

Altars:


Innate Abilities, Weirdness & Mutations

You are very small and have problems with some larger weapons.
You are too small for most types of armour.
You have supernaturally acute eyesight. (SInv)
You are a herbivore.
You cover ground extremely quickly.
You need consume almost no food.


Message History

You closely miss the gnoll.
The gnoll is almost dead.
The gnoll closely misses you.
Casting: Ensorcelled Hibernation
Confirm with . or Enter, or press ? or * to list all spells.
Aiming: Ensorcelled Hibernation
Press: ? - help, Shift-Dir - straight line, f - gnoll
Aim: a gnoll, wielding a club (almost dead, chance to defeat MR: 50%)
The gnoll resists with some effort.
The gnoll misses you.
You barely miss the gnoll.
The gnoll is almost dead.
The gnoll hits you with a club.
You completely miss the gnoll.
The gnoll is almost dead.
The gnoll hits you with a club.
You closely miss the gnoll.
The gnoll is almost dead.
The gnoll hits you with a club!
Ouch! That really hurt!
You die...

.....#
.....#.##.#...##
.....#
#####...##.......
#.....
.................
#####
#####..#########
.......>.....#
################.#
#........ #.#
#.#.g#.#### #.#
#...@.....# #.#
###..#..#.# #.#
#.....# #.#
#....#..# #.#
#.##.#..# #.# #.
#.#..###### #.# .
#.#........ #.# .#
#.#.#########.# #.
..#...........#


You could see a gnoll.

Vanquished Creatures
  An ooze (D:1)
  A leopard gecko (D:1)
  3 goblins (D:1)
  4 jackals (D:1)
  A bat (D:1)
  A frilled lizard (D:1)
  3 kobolds (D:1)
  2 rats (D:1)
16 creatures vanquished.

Notes
Turn   | Place    | Note
-------+----------+-------------------------------------------
     0 | D:1      | Dolanko the Spriggan Enchanter began the quest for the Orb.
     0 | D:1      | Reached XP level 1. HP: 9/9 MP: 5/5
   866 | D:1      | Reached XP level 2. HP: 10/13 MP: 7/7
   870 | D:1      | Learned a level 2 spell: Ensorcelled Hibernation
  1360 | D:1      | Slain by a gnoll

Skill      XL: |  1  2 |
---------------+-------+-----
Spellcasting   | 3 |  3.4
Hexes          | 4 |  4.1
Short Blades   | |  1.1
Dodging        | |  3.0
Stealth        | |  4.4
Ice Magic      | |  0.5

Action                   || total
-------------------------++-------
Melee: Dagger            ||    86
 Cast: Corona            ||     3
       Ensorcelled Hiber ||     7
 Stab: Sleeping          ||     9
       Distracted        ||     1
Armor: Robe              ||    16
Dodge: Dodged            ||   106
